 Dungeon Crawl Stone Soup version 0.28-a0-1395-g4f6bc678fa (webtiles) character file.

Game seed: 1240333197718208046

351 gimp the Slasher (level 6, -1/40 HPs)
             Began as a Djinni Wanderer on Jan 4, 2022.
             Slain by a gnoll shaman (10 damage)
             ... on level 4 of the Dungeon.
             The game lasted 00:05:01 (5028 turns).

gimp the Slasher (Djinni Wanderer)                  Turns: 5028, Time: 00:05:02

Health: -1/40      AC:  5    Str:  9    XL:     6   Next: 93%
Gold:   187        EV: 11    Int: 16    God:
                   SH:  0    Dex: 14

rFire   + + .      SeeInvis .   a - +0 long sword
rCold   x . .      Faith    .   (no shield)
rNeg    . . .      Spirit   .   c - +0 robe
rPois   ∞          Reflect  .   g - +1 helmet
rElec   .          Harm     .   (no cloak)
rCorr   .          Rampage  .   b - +0 pair of gloves
Will    .....                   (boots unavailable)
Stlth   ++........              (no amulet)
HPRegen 0.13/turn               (no ring)
MPRegen 0.00/turn               (no ring)

@: flying
A: sickness immunity, fire resistance 2, cold vulnerability 1, float, innate
caster, hp casting, extra vitality 1
a: no special abilities


You were on level 4 of the Dungeon.
You visited 1 branch of the dungeon, and saw 5 of its levels.
You also visited: Sewer.

You collected 187 gold pieces.

Inventory:

Hand Weapons
 a - a +0 long sword (weapon)
Missiles
 d - 18 stones
Armour
 b - a +0 pair of gloves (worn)
 c - a +0 robe (worn)
 g - a +1 helmet (worn)
Jewellery
 k - a ring of fire
Wands
 r - a wand of flame (26)
Scrolls
 f - 2 scrolls of enchant armour
 h - 2 scrolls of blinking {unknown}
 m - 2 scrolls of silence
 o - 2 scrolls of fear {unknown}
 q - a scroll of vulnerability {unknown}
Potions
 e - 4 potions of mutation {unknown}
 i - 2 potions of might {unknown}
 l - 2 potions of heal wounds {unknown}
 n - a potion of resistance {unknown}
 p - a potion of haste {unknown}


   Skills:
 + Level 5.7 Long Blades
 - Level 1.0 Armour
 - Level 1.5 Stealth
 * Level 4.3 Spellcasting


You had 6 spell levels left.
You knew the following spells:

 Your Spells              Type           Power      Damage    Failure   Level
a - Sandblast             Erth           34%        2d9       2%          1
b - Stone Arrow           Conj/Erth      34%        3d9       9%          3
c - Summon Small Mammal   Summ           68%        N/A       2%          1
d - Static Discharge      Conj/Air       17%        N/A       4%          2

Your spell library contained the following spells:

 Spells                   Type           Power      Damage    Failure   Level


Dungeon Overview and Level Annotations

Branches:
Dungeon (5/15)              Sewer (visited)
 Temple: D:4-7

Altars:
Fedhas
Hepliaklqana
Nemelex Xobeh


Innate Abilities, Weirdness & Mutations

You are immune to sickness and miasma.
You are immune to poison.
Your flesh is very heat resistant. (rF++)
You are vulnerable to cold. (rC-)
You float through the air rather than walking.
You learn spells naturally, not from books.
Your magical power is your life essence.
You have superior vitality. (+4 MHP)


Message History

You take 1 damage, and have 39/40 hp.
Casting: Sandblast (safe; 2% risk of failure)
Confirm with . or Enter, or press ? or * to list all spells.
Aiming: Sandblast (safe; 2% risk of failure)
Press: ? - help, Shift-Dir - straight line, f/p - gnoll shaman
Aim: a gnoll shaman, wielding a +0 whip and wearing a +0 robe (82% to hit)
You miscast Sandblast.
You are very lightly contaminated with residual magic.
Nothing appears to happen.
The gnoll shaman calls upon its god to speed up the gnoll sergeant.
The gnoll sergeant seems to speed up.
You take 1 damage, and have 38/40 hp.
The gnoll sergeant barely misses you. The gnoll shaman barely misses you.
The gnoll sergeant hits you from afar with a +0 spear.
You fly upwards.
There is a stone staircase leading down here.
You take 4 damage, and have 34/40 hp.
You barely miss the gnoll shaman. The gnoll shaman closely misses you.
You barely miss the gnoll shaman.
The gnoll shaman hits you with a +0 whip!
You take 12 damage, and have 23/40 hp.
MASSIVE DAMAGE!!
You hit the gnoll shaman.
The gnoll shaman is moderately wounded.
The gnoll shaman hits you with a +0 whip.
Your magical contamination has completely faded away.
You take 4 damage, and have 19/40 hp.
You are too injured to fight recklessly!
The gnoll shaman hits you with a +0 whip!
* * * LOW HITPOINT WARNING * * *
You take 9 damage, and have 10/40 hp.
MASSIVE DAMAGE!!
You are too injured to fight recklessly!
Casting: Sandblast (safe; 2% risk of failure)
Confirm with . or Enter, or press ? or * to list all spells.
Aiming: Sandblast (safe; 2% risk of failure)
Press: ? - help, Shift-Dir - straight line, f - gnoll shaman
Aim: a gnoll shaman, wielding a +0 whip and wearing a +0 robe (moderately wounded, 82% to hit)
The blast of sand misses the gnoll shaman.
* * * LOW HITPOINT WARNING * * *
The gnoll shaman hits you with a +0 whip!
You die...

#.######..#.######.#..# #.#
#.# #..............# #.# #.#
#...........##.# #.#
#.######..#.####.#....# #.#
....).....#.# #.#.#### #.#
#.#######.#.# #.#.# #.#
..........#.# #.#.# #.#
###.#####.#.# #>g.# #.#
###.:.....#.# #@#.# #.#
....#####.#.####.#.#########.#
...## #.#..................#
...######........#.###########
...................#
.#.....#########.###
.#...............#
.......########### ##.....#


You could see a gnoll shaman.

Vanquished Creatures
  Pargi (Sewer)
  A scorpion (D:4)
  A hound (D:4)
  A hound skeleton (D:4)
  A gnoll (D:5)
  5 adders
  2 worms
  5 dart slugs
  3 endoplasms
  3 giant cockroaches
  8 goblins
  6 hobgoblins
  11 kobolds
  3 quokkas
  8 ball pythons
  4 bats
  7 frilled lizards
  A quokka skeleton (D:4)
  4 rats
75 creatures vanquished.

Vanquished Creatures (collateral kills)
  An adder (D:4)
  A bat (D:4)
2 creatures vanquished.

Vanquished Creatures (others)
  A plant (D:5)
1 creature vanquished.

Grand Total: 78 creatures vanquished

Notes
Turn   | Place    | Note
-------+----------+-------------------------------------------
     0 | D:1      | gimp the Djinni Wanderer began the quest for the Orb.
     0 | D:1      | Reached XP level 1. HP: 15/15 MP: 0/0
   237 | D:1      | Found a faded altar of an unknown god.
   273 | D:1      | Reached XP level 2. HP: 6/21 MP: 0/0
   934 | D:1      | Reached XP level 3. HP: 20/25 MP: 0/0
   934 | D:1      | Learned a level 1 spell: Summon Small Mammal
  1888 | D:2      | Reached XP level 4. HP: 23/31 MP: 0/0
  2034 | D:2      | Reached skill level 5 in Long Blades
  2771 | D:3      | Found a blossoming altar of Fedhas.
  3088 | D:3      | Found a sparkling altar of Nemelex Xobeh.
  3261 | D:4      | Found a glowing drain.
  3278 | D:4      | Reached XP level 5. HP: 22/35 MP: 0/0
  3278 | D:4      | Learned a level 2 spell: Static Discharge
  3289 | Sewer    | Entered a sewer
  3517 | Sewer    | Noticed Pargi
  3544 | Sewer    | Killed Pargi
  3545 | Sewer    | Reached XP level 6. HP: 14/40 MP: 0/0
  4238 | D:4      | Found a hazy altar of Hepliaklqana.
  4666 | D:5      | Entered Level 5 of the Dungeon
  5028 | D:4      | Slain by a gnoll shaman

Illustrated notes

Levels and vault maps discovered:
D:1:      lightli_arrival_flooded_house, layout_rooms,
          dreamdust_ecumenical_altar_angels_and_demons, chequers_mini_garden
D:2:      layout_loops_ring
D:3:      layout_loops_ring, nemelex_xobeh_ov_fountains_minmay,
          mainiacjoe_overflow_paths
D:4:      layout_loops_ring, mainiacjoe_overflow_cross_hatched,
          cheibrodos_sewer_entry_sluice, kennysheep_decorative_pillar
D:5:      layout_basic, minmay_temple_entry_crystal_x, nicolae_grassy_gnolls,
          uniq_edmund

Skill      XL: |  1  2  3  4  5  6 |
---------------+-------------------+-----
Spellcasting   | 2 3 4 |  4.3
Long Blades    | 5 |  5.7
Armour         | |  1.0
Stealth        | |  1.5

Action                   |  1- 3 |  4- 6 || total
-------------------------+-------+-------++-------
Melee: Long sword        |   116 |    95 ||   211
 Cast: Sandblast         |     5 |    48 ||    53
  Use: Scroll            |       |     4 ||     4
 Stab: Sleeping          |     5 |     4 ||     9
Armor: Robe              |    47 |    46 ||    93
Dodge: Dodged            |    72 |    76 ||   148

Table legend: (Time is in decaauts)
 A = Elapsed time spent in this place.
 B = Non-inter-level travel time spent in this place.
 C = Inter-level travel time spent in this place.
 D = Time resting spent in this place.
 E = Time spent auto-exploring this place.
 F = Levels seen in this place.
 G = Mean time per level.
                   A        B        C        D        E       F      G
               +--------+--------+--------+--------+--------+-----+--------+
         Total |   5062 |   4978 |     84 |    329 |   3879 |   6 |  843.7 |
       Dungeon |   4478 |   4394 |     84 |    329 |   3376 |   5 |  895.6 |
         Sewer |    583 |    583 |      0 |      0 |    503 |   1 |  583.0 |
               +--------+--------+--------+--------+--------+-----+--------+

Top non-repeatable levels by time:
     D:1: 1234 daAuts
     D:4: 1181 daAuts
     D:2: 1054 daAuts
     D:3: 976 daAuts
   Sewer: 583 daAuts
     D:5: 31 daAuts
